 Dungeon Crawl Stone Soup version 0.30-a0-1074-g5db6f66fbb (webtiles) character file.

Game seed: 898003185038060507

2270 Newt the Skirmisher (level 9, -4/53 (55) HPs)
             Began as a Kobold Hunter on Apr 13, 2023.
             Slain by a wight
             ... wielding a +5 battleaxe of freezing
              (21 damage)
             ... on level 7 of the Dungeon.
             The game lasted 00:05:22 (7163 turns).

Newt the Skirmisher (Kobold Hunter)                 Turns: 7163, Time: 00:05:22

HP:   -4/53 (55)    AC:  3    Str:  8    XL:     9   Next: 65%
MP:   18/18         EV: 18    Int: 10    God:
Gold: 451           SH:  5    Dex: 23    Spells: 8/8 levels left

rFire   . . .      SeeInvis .    a - +3 shortbow
rCold   . . .      Faith    .    (shield currently unavailable)
rNeg    . . .      Spirit   .    c - +0 leather armour
rPois   .          Reflect  +    (no helmet)
rElec   .          Rampage  .    (no cloak)
rCorr   .                        (no gloves)
Will    +....                    (no boots)
Stlth   +++                      d - amulet of reflection
HPRegen 0.28/turn                e - ring of magical power
MPRegen 0.16/turn                r - ring of willpower

@: lightly drained
A: small, no large weapons, nightstalker 3
a: no special abilities


You were on level 7 of the Dungeon.
You visited 2 branches of the dungeon, and saw 8 of its levels.

You collected 541 gold pieces.
You spent 90 gold pieces at shops.

Inventory:

Hand Weapons
 a - a +3 shortbow (weapon)
Armour
 c - a +0 leather armour (worn)
Jewellery
 d - an amulet of reflection (around neck)
 e - a ring of magical power (left hand)
 n - the amulet of Pride {Faith rPois SInv}
   (You took it off a centaur on level 7 of the Dungeon)

   [amulet of faith]

   It allows you to gain divine favour quickly.
   rPois:     It protects you from poison.
   SInv:      It lets you see invisible.
 r - a ring of willpower (right hand)
Wands
 b - a wand of digging (3)
 s - a wand of flame (20)
Scrolls
 k - 4 scrolls of teleportation
 l - a scroll of magic mapping
 m - 2 scrolls of fear
 v - a scroll of fog
Potions
 f - a potion of might
 g - 4 potions of degeneration
 h - 5 potions of heal wounds
 i - a potion of magic
 j - a potion of ambrosia
 o - 2 potions of brilliance
 p - a potion of attraction {unknown}
 q - a potion of cancellation
 t - 2 potions of haste {unknown}
 u - a potion of mutation {unknown}


   Skills:
 + Level 5.9 Fighting
 - Level 14.0 Ranged Weapons
 - Level 6.0 Dodging
 - Level 1.3 Stealth


You had 8 spell levels left.
You didn't know any spells.
Your spell library contained the following spells:

 Spells                   Type           Power      Damage    Failure   Level
 Kiss of Death            Conj/Necr      0%         2d5       50%         1
 Blink                    Tloc           0%         N/A       63%         2
 Lesser Beckoning         Tloc           0%         N/A       63%         2
 Momentum Strike          Conj/Tloc      0%         3d8       63%         2
 Call Canine Familiar     Summ           0%         N/A       86%         3
 Confusing Touch          Hex            0%         N/A       86%         3
 Portal Projectile        Hex/Tloc       0%         N/A       86%         3
 Dispel Undead            Necr           0%         3d6       99%         4
 Leda's Liquefaction      Hex/Erth       0%         N/A       99%         4


Dungeon Overview and Level Annotations

Branches:
Dungeon (7/15)             Temple (1/1) D:6

Altars:
Ashenzari
Cheibriados
Dithmenos
Elyvilon
Fedhas
Gozag
Nemelex Xobeh
Okawaru
Qazlal
Sif Muna
Trog
Uskayaw
Vehumet
Wu Jian
Xom
The Shining One

Shops:
D:2 *:   D:4 !

Annotations:
D:4 1 runed translucent door, Sleet's ghost, amateur DrTm


Innate Abilities, Weirdness & Mutations

You are small and have problems with some larger weapons.
You are completely attuned to the shadows.


Message History

The wight attacks as you move away! The wight barely misses you.
The wight attacks as you move away! The wight hits you with a +2 falchion!
The wight attacks as you move away! You block the wight's attack.
You shoot an arrow.
The arrow hits the wight but does no damage.
The wight is moderately damaged.
You shoot an arrow. The arrow hits the wight!
The wight is severely damaged.
The wight hits you with a +2 falchion!
You are too injured to fight recklessly!
You shoot an arrow. The arrow hits the wight!
You destroy the wight!
The wight hits you from afar with a +0 spear.
You feel drained.
Unknown command.
The wight hits you with a +0 spear!
You feel drained.
* * * LOW HITPOINT WARNING * * *
Things that are here:
a +2 falchion; a +0 robe Unknown command.
The wight misses you.
Fire: a) +3 shortbow
Press: ? - help, Shift-Dir - straight line, f - wight
Aim: a wight, wielding a +0 trident and wearing a +0 robe (73% to hit)
You shoot an arrow. The arrow hits the wight!
You destroy the wight!
Fire: a) +3 shortbow
Press: ? - help, Shift-Dir - straight line, f - wight, p - wight
Aim: a wight, wielding a +5 battleaxe of freezing and wearing a +0 robe (73% to hit)
You shoot an arrow.
The arrow hits the wight but does no damage.
Unknown command.
Fire: a) +3 shortbow
Press: ? - help, Shift-Dir - straight line, f/p - wight
Aim: a wight, wielding a +5 battleaxe of freezing and wearing a +0 robe (73% to hit)
You shoot an arrow. The arrow completely misses the wight.
The arrow hits the wight.
The wight is moderately damaged.
The wight hits you with a +5 battleaxe of freezing!!
You die...

...##
######....############
#..###.........##..........
#......######..##.#########
#......# #.....# #......#
+.##### ..###...# +.#
#....#..# #.######
###....######......## #
###...zz@...####..# #
.....######## ##.## #
###...).## #..### #
#####).# ##...####
###.###########.....
##...).......########
##.............#######
#.....)...............
#...............##....


You could see 2 wights.

Vanquished Creatures
  A cyclops (D:7)
  Joseph (D:7)
  A water moccasin (D:6)
  2 ice beasts (D:7)
  A sky beast (D:7)
  An ogre (D:5)
  A centaur (D:7)
  A kobold brigand (D:5)
  2 bullfrogs
  5 scorpions
  2 wights (D:7)
  A howler monkey (D:4)
  A jelly (D:6)
  7 hounds
  A gnoll bouda (D:7)
  2 iguanas
  3 gnolls (D:7)
  2 adders
  An ufetubus (D:5)
  2 worms (D:3)
  5 dart slugs
  6 orcs
  7 endoplasms
  4 giant cockroaches
  5 goblins
  8 hobgoblins
  3 jackals (D:3)
  13 kobolds
  4 ball pythons
  9 bats
  3 frilled lizards
  7 rats
112 creatures vanquished.

Notes
Turn   | Place    | Note
-------+----------+-------------------------------------------
     0 | D:1      | Newt the Kobold Hunter began the quest for the Orb.
     0 | D:1      | Reached XP level 1. HP: 12/12 MP: 1/1
   118 | D:1      | Reached XP level 2. HP: 18/18 MP: 2/2
   336 | D:1      | Reached XP level 3. HP: 23/23 MP: 3/3
   822 | D:2      | Found Fithug's General Store.
   845 | D:2      | Identified the +1 dagger of Usurping Painful Death {freeze,
                  | Str+5}
   847 | D:2      | Found Napi's Vocational Training.
  1021 | D:2      | Bought a potion of heal wounds for 60 gold pieces
  1449 | D:3      | Reached XP level 4. HP: 30/30 MP: 4/4
  1716 | D:3      | Found a hide-covered altar of Uskayaw.
  1925 | D:3      | Reached skill level 5 in Fighting
  2389 | D:4      | Reached skill level 6 in Ranged Weapons
  2389 | D:4      | Reached XP level 5. HP: 33/35 MP: 5/5
  2991 | D:4      | Found a runed translucent door.
  2991 | D:4      | Noticed Sleet's ghost (amateur DrTm)
  3084 | D:4      | Reached skill level 7 in Ranged Weapons
  3084 | D:4      | Reached XP level 6. HP: 35/40 MP: 6/6
  3106 | D:4      | Found Tufish's Distillery.
  3559 | D:4      | Bought a potion of curing for 30 gold pieces
  3635 | D:5      | Entered Level 5 of the Dungeon
  3649 | D:5      | Reached skill level 8 in Ranged Weapons
  3817 | D:5      | Reached XP level 7. HP: 29/44 MP: 7/7
  3882 | D:5      | Reached skill level 9 in Ranged Weapons
  4183 | D:5      | Found a white marble altar of Elyvilon.
  4369 | D:5      | Found a burning altar of Makhleb.
  4369 | D:5      | Found a glowing golden altar of the Shining One.
  4369 | D:5      | Found an ornate altar of the Wu Jian Council.
  4374 | D:5      | Found a shimmering altar of Xom.
  4374 | D:5      | Found a radiant altar of Vehumet.
  4374 | D:5      | Found a stormy altar of Qazlal.
  4680 | D:5      | Reached skill level 10 in Ranged Weapons
  5563 | D:6      | Found a staircase to the Ecumenical Temple.
  5623 | D:6      | Reached XP level 8. HP: 49/49 MP: 8/8
  5649 | D:6      | Reached skill level 5 in Dodging
  6175 | Temple   | Entered the Ecumenical Temple
  6599 | D:7      | Reached skill level 11 in Ranged Weapons
  6610 | D:7      | Found a shimmering blue altar of Sif Muna.
  6696 | D:7      | Noticed Joseph
  6703 | D:7      | Killed Joseph
  6704 | D:7      | Reached skill level 12 in Ranged Weapons
  6704 | D:7      | Reached XP level 9. HP: 33/54 MP: 9/9
  6750 | D:7      | Identified the amulet of Pride {Faith rPois SInv}
  6753 | D:7      | Reached skill level 13 in Ranged Weapons
  6870 | D:7      | Noticed a cyclops
  6888 | D:7      | Killed a cyclops
  6889 | D:7      | Reached skill level 14 in Ranged Weapons
  7163 | D:7      | Slain by a wight

Illustrated notes

Levels and vault maps discovered:
D:1:      elethiomel_arrival_shortcut, layout_basic, corexii_hall_statues_s
D:2:      layout_rooms, serial_shops, nicolae_shop_waterfront,
          hangedman_decor_lopped, nicolae_shop_vocational
D:3:      layout_loops_corners, mainiacjoe_overflow_surrounded_room
D:4:      layout_gridville, hellmonk_ghost_happy_afterlife,
          minmay_misc_feat_tiny, nicolae_inconvenience_store
D:5:      layout_loops_cross, nicolae_elyvilon_temple_path, doesnt_xom_only_xom
D:6:      layout_loops_ring, minmay_temple_entry_gardened_gates
D:7:      layout_rooms, mainiacjoe_overflow_six_doors_small,
          general_overflow_altar, eino_small_chamber_without_monster,
          uniq_joseph
Temple:   hellmonk_temple_forest_ring

Skill      XL: |  1  2  3  4  5  6  7  8  9 |
---------------+----------------------------+-----
Fighting       | 3 4 5 |  5.9
Ranged Weapons | 6 7 8 10 12 14 | 14.0
Dodging        | 4 6 |  6.0
Stealth        | |  1.3

Action                     |  1- 3 |  4- 6 |  7- 9 || total
---------------------------+-------+-------+-------++-------
   Fire: Shortbow          |    72 |    94 |   156 ||   322
  Evoke: Wand              |       |       |     1 ||     1
    Use: Scroll            |     7 |     5 |     6 ||    18
         Potion            |       |       |     3 ||     3
 Armour: Leather armour    |     3 |     9 |     6 ||    18
  Dodge: Dodged            |    14 |    24 |    54 ||    92
  Block: Other             |       |     5 |    20 ||    25
         Reflection        |       |       |     3 ||     3

Table legend: (Time is in decaauts)
 A = Elapsed time spent in this place.
 B = Non-inter-level travel time spent in this place.
 C = Inter-level travel time spent in this place.
 D = Time resting spent in this place.
 E = Time spent auto-exploring this place.
 F = Levels seen in this place.
 G = Mean time per level.
                   A        B        C        D        E       F      G
               +--------+--------+--------+--------+--------+-----+--------+
         Total |   7206 |   6872 |    334 |   1118 |   5118 |   8 |  900.8 |
       Dungeon |   7043 |   6728 |    315 |   1118 |   4983 |   7 | 1006.1 |
        Temple |    162 |    144 |     18 |      0 |    135 |   1 |  162.0 |
               +--------+--------+--------+--------+--------+-----+--------+

Top non-repeatable levels by time:
     D:5: 1501 daAuts
     D:4: 1273 daAuts
     D:3: 1099 daAuts
     D:6: 1071 daAuts
     D:7: 795 daAuts
     D:2: 710 daAuts
     D:1: 592 daAuts
  Temple: 162 daAuts
